[Event "Portugal Open 2019"]
[Site "Lisbon"]
[Date "2019.02.06"]
[Round "6.40"]
[White "Aflalo, Sophie"]
[Black "Chylewski, Patryk"]
[Result "0-1"]
[ECO "A12"]
[WhiteElo "2091"]
[BlackElo "2304"]
[Annotator "NA"]
[PlyCount "76"]
[EventDate "2019.01.25"]
[EventType "swiss"]
[EventCountry "POR"]
[SourceTitle "playchess.com"]
[Source "ChessBase"]
[SourceQuality "1"]
[TimeControl "5400+30"]

1. Nf3 Nf6 2. b3 d5 3. Bb2 c6 4. c4 Bg4 5. d3 e6 6. Nbd2 Nbd7 7. Ne5 Nxe5 8. Bxe5 Bd6 9. Bb2 a5 10. a3 O-O 11. g3 Qc7 12. Bg2 Be5 13. d4 Bd6 14. O-O Qe7 15. Qe1 c5 16. cxd5 cxd4 17. Bxd4 Nxd5 18. e4 Nc7 19. Nc4 e5 20. Bc3 Nb5 21. Nb6 Ra6 22. Nd5 Qd7 23. Bb2 $11 a4 24. b4 f6 25. Qe3 Bb8 26. h3 Bxh3 27. Nb6 Qe6 28. Bxh3 Qxh3 29. Qc5 Ba7 30. Qd5+ Kh8 31. Nd7 Qxg3+ 32. Kh1 Qh3+ 33. Kg1 Qg4+ 34. Kh1 f5 35. Qxe5 Rh6+ 36. Qh2 Qf3+ 37. Kg1 Rg6+ 38. Qg3 Qxg3+ 0-1

[Event "Portugal Open 2019"]
[Site "Lisbon"]
[Date "2019.02.07"]
[Round "7.4"]
[White "Korley, Kassa"]
[Black "Bernadskiy, Vitaliy"]
[Result "0-1"]
[ECO "E93"]
[WhiteElo "2426"]
[BlackElo "2570"]
[Annotator "RC"]
[PlyCount "94"]
[EventDate "2019.01.25"]
[EventType "swiss"]
[EventCountry "POR"]
[SourceTitle "playchess.com"]
[Source "ChessBase"]
[SourceQuality "1"]
[TimeControl "5400+30"]

1. d4 Nf6 2. Nf3 g6 3. c4 Bg7 4. Nc3 O-O 5. e4 d6 6. Be2 e5 7. d5 Nbd7 8. Be3 Ng4 9. Bg5 f6 10. Bc1 Nh6 11. h4 f5 12. Ng5 Nf6 13. h5 gxh5 14. Ne6 Bxe6 15. dxe6 f4 16. Qb3 b6 17. c5 Kh8 18. cxb6 axb6 19. Nd5 Nxd5 20. exd5 Qg5 21. g3 Ng4 22. gxf4 exf4 23. Bd2 Rf5 24. Bf3 Re5+ 25. Kf1 Nxf2 26. Rxh5 Qg3 27. Rxe5 Nh3 28. Be1 Qg1+ 29. Ke2 Bxe5 30. Rc1 Qg7 31. Kd1 Ng5 32. Be2 Rf8 33. Qc2 f3 34. Bb5 Qf6 35. Bh4 Rg8 36. Qd3 Qf4 37. Rc4 Qh2 38. Qd2 Qg1+ 39. Kc2 Bf6 40. Bf2 Qh2 41. Bd4 Qxd2+ 42. Kxd2 Ne4+ 43. Ke3 f2 44. Rxc7 Bxd4+ 45. Kxd4 Nf6 46. Rf7 Rg4+ 47. Kd3 f1=Q+ {[%emt 0:00:07] Kd4} 0-1

[Event "Portugal Open 2019"]
[Site "Lisbon"]
[Date "2019.02.07"]
[Round "7.5"]
[White "Alshameary Puente, Ismael"]
[Black "Xu, Xiangyu"]
[Result "1/2-1/2"]
[ECO "D70"]
[WhiteElo "2418"]
[BlackElo "2565"]
[Annotator "RC"]
[PlyCount "57"]
[EventDate "2019.01.25"]
[EventType "swiss"]
[EventCountry "POR"]
[SourceTitle "playchess.com"]
[Source "ChessBase"]
[SourceQuality "1"]
[TimeControl "5400+30"]

1. d4 Nf6 2. c4 g6 3. Nf3 Bg7 4. g3 d5 5. cxd5 Nxd5 6. Bg2 Nb6 7. Nc3 Nc6 8. e3 e5 9. d5 Ne7 10. e4 Bg4 11. h3 Bxf3 12. Bxf3 O-O 13. h4 c6 14. h5 cxd5 15. exd5 Nf5 16. Bg2 Nd4 17. Ne2 Nxd5 18. hxg6 hxg6 19. Nxd4 exd4 20. Qg4 Re8+ 21. Kf1 Re5 22. Bf3 Rf5 23. Bh6 Nf6 24. Qh4 Nh5 25. Bxg7 Kxg7 26. Qe4 Nf6 27. Qh4 Nh5 28. Qe4 Nf6 29. Qh4 1/2-1/2

[Event "Portugal Open 2019"]
[Site "Lisbon"]
[Date "2019.02.07"]
[Round "7.10"]
[White "Fus, Jakub"]
[Black "Jakubowski, Krzysztof"]
[Result "1/2-1/2"]
[ECO "B08"]
[WhiteElo "2326"]
[BlackElo "2514"]
[Annotator "RC"]
[PlyCount "103"]
[EventDate "2019.01.25"]
[EventType "swiss"]
[EventCountry "POR"]
[SourceTitle "playchess.com"]
[Source "ChessBase"]
[SourceQuality "1"]
[TimeControl "5400+30"]

1. d4 d6 2. e4 Nf6 3. Nc3 g6 4. Nf3 Bg7 5. Be2 Bg4 6. Be3 O-O 7. O-O c6 8. a4 a5 9. h3 Bxf3 10. Bxf3 Nbd7 11. Be2 e5 12. dxe5 dxe5 13. Bc4 Qe7 14. Qe2 Nc5 15. Bg5 h6 16. Bd2 Rfd8 17. Rad1 Rd4 18. Be3 Rxd1 19. Rxd1 Bf8 20. f3 Rd8 21. Rxd8 Qxd8 22. Qd2 Qxd2 23. Bxd2 Ncd7 24. g3 Kg7 25. Nd1 Bc5+ 26. Kg2 Bb6 27. Ne3 Ne8 28. Be2 Bxe3 29. Bxe3 Nd6 30. Bd3 g5 31. f4 f6 32. Kf3 b6 33. c3 gxf4 34. gxf4 exf4 35. Bxf4 Ne5+ 36. Ke2 c5 37. Bc2 Kg6 38. b3 Kh5 39. Ke3 Ndf7 40. Bg3 Nd6 41. Bd1+ Kg6 42. Be2 Ndf7 43. Bf4 Nd6 44. Bg3 Ndf7 45. Bf4 Nd6 46. Bg4 h5 47. Be6 h4 48. Bh2 Kg5 49. Bf4+ Kg6 50. Bh2 Kg5 51. Bf4+ Kg6 52. Bh2 1/2-1/2

[Event "Portugal Open 2019"]
[Site "Lisbon"]
[Date "2019.02.07"]
[Round "7.20"]
[White "Srinath, Rao S.V."]
[Black "Sande Edreira, Jose Antonio"]
[Result "1/2-1/2"]
[ECO "B22"]
[WhiteElo "2437"]
[BlackElo "2244"]
[Annotator "RC"]
[PlyCount "124"]
[EventDate "2019.01.25"]
[EventType "swiss"]
[EventCountry "POR"]
[SourceTitle "playchess.com"]
[Source "ChessBase"]
[SourceQuality "1"]
[TimeControl "5400+30"]

1. e4 c5 2. c3 d5 3. exd5 Qxd5 4. d4 cxd4 5. cxd4 Nc6 6. Nf3 e5 7. Nc3 Bb4 8. Be2 exd4 9. O-O Qd8 10. Nb5 Nf6 11. Nfxd4 Nxd4 12. Nxd4 O-O 13. Bf3 Qb6 14. Nb3 Rd8 15. Qc2 Bd7 16. Be3 Qa6 17. Nc5 Bxc5 18. Qxc5 Bg4 19. Bxg4 Nxg4 20. Bg5 Rac8 21. Qf5 Nf6 22. Rae1 h6 23. Bh4 Rc4 24. Bxf6 Qxf6 25. Qxf6 gxf6 26. Re2 Rdc8 27. f3 Rc2 28. Rfe1 Kg7 29. Kf2 Kg6 30. Rxc2 Rxc2+ 31. Re2 Rc7 32. Ke3 Rd7 33. Rd2 Re7+ 34. Kf4 f5 35. h4 h5 36. g3 f6 37. b3 Rc7 38. Rd3 Re7 39. a3 a6 40. Rd5 Rc7 41. Rxf5 Rc3 42. Ra5 Rxb3 43. g4 Rc3 44. gxh5+ Kh6 45. Kg4 Rc6 46. f4 b5 47. a4 Rb6 48. axb5 axb5 49. Ra3 b4 50. Rb3 Rb5 51. f5 Rb6 52. Kg3 Kxh5 53. Kf4 Rb5 54. Kg3 Rb8 55. Kf4 Rg8 56. Ke4 Rg4+ 57. Kd5 Kxh4 58. Ke6 Kg5 59. Re3 Rc4 60. Rg3+ Kf4 61. Rb3 Re4+ 62. Kxf6 Rc4 {[%emt 0:01:51] Ke5+ Ke4+} 1/2-1/2

[Event "Portugal Open 2019"]
[Site "Lisbon"]
[Date "2019.02.07"]
[Round "7.24"]
[White "Rego, Pedro Filipe"]
[Black "Di Nicolantonio, Lucas"]
[Result "0-1"]
[ECO "B06"]
[WhiteElo "2228"]
[BlackElo "2364"]
[Annotator "NA RC"]
[PlyCount "68"]
[EventDate "2019.01.25"]
[EventType "swiss"]
[EventCountry "POR"]
[SourceTitle "playchess.com"]
[Source "ChessBase"]
[SourceQuality "1"]
[TimeControl "5400+30"]

1. e4 g6 2. Nc3 Bg7 3. d4 d6 4. Be3 a6 5. Qd2 b5 6. f3 Nd7 7. O-O-O Bb7 8. h4 h6 (8... h5 $11) 9. Kb1 Rc8 10. g4 c5 11. Nce2 (11. Nh3 $16) 11... Qc7 12. Rc1 ({White should play} 12. c3 $14) 12... e6 13. Ng3 (13. c3 $11) 13... Ne7 ({Black should play} 13... d5 $15) 14. c3 Nb6 15. Bd3 Nc6 16. N1e2 Na5 17. b3 c4 18. Bc2 cxb3 19. axb3 d5 20. c4 (20. Bd1 $11 {keeps the balance.}) 20... Nbxc4 21. bxc4 Nxc4 22. Qd3 ({Much worse is} 22. Qc3 $6 O-O $11) 22... e5 ({Don't play} 22... Nxe3 $6 23. Qxe3 O-O 24. Bb3 $11) 23. Bb3 O-O 24. dxe5 dxe4 25. Nxe4 Rfd8 26. Bd4 Bxe5 27. Bxc4 $4 (27. h5 $11 {and White has nothing to worry.} Bxe4 28. fxe4) 27... bxc4 28. Qc3 $19 (28. Rxc4 $142 Qxc4 29. Qxc4 Rxc4 30. Bxe5 Bxe4+ 31. fxe4 Rxe4 32. Bc7) 28... Bxd4 29. Nxd4 Qb6+ 30. Kc2 Bxe4+ 31. fxe4 Qxd4 32. Rce1 Qf2+ 33. Kc1 Rd3 34. Qb2 Qf4+ 0-1

[Event "Portugal Open 2019"]
[Site "Lisbon"]
[Date "2019.02.07"]
[Round "7.25"]
[White "Miedema, David"]
[Black "Carlsson, Ludvig"]
[Result "1-0"]
[ECO "B39"]
[WhiteElo "2356"]
[BlackElo "2217"]
[Annotator "RC"]
[PlyCount "45"]
[EventDate "2019.01.25"]
[EventType "swiss"]
[EventCountry "POR"]
[SourceTitle "playchess.com"]
[Source "ChessBase"]
[SourceQuality "1"]
[TimeControl "5400+30"]

1. e4 c5 2. Nf3 g6 3. d4 cxd4 4. Nxd4 Bg7 5. c4 Nc6 6. Be3 Nf6 7. Nc3 Ng4 8. Qxg4 Nxd4 9. Qd1 e5 10. h4 d6 11. h5 Be6 12. Qd2 Rc8 13. b3 f5 14. hxg6 hxg6 15. Rxh8+ Bxh8 16. exf5 Bxf5 17. Bd3 Qh4 18. O-O-O b5 19. Bxd4 Qxd4 20. Bxf5 gxf5 21. Qxd4 exd4 22. Nxb5 Be5 23. Nxd4 1-0

[Event "Portugal Open 2019"]
[Site "Lisbon"]
[Date "2019.02.08"]
[Round "8.9"]
[White "David, Alberto"]
[Black "Gu, Xiaobing"]
[Result "1-0"]
[ECO "E73"]
[WhiteElo "2560"]
[BlackElo "2326"]
[Annotator "RC"]
[PlyCount "75"]
[EventDate "2019.01.25"]
[EventType "swiss"]
[EventCountry "POR"]
[SourceTitle "playchess.com"]
[Source "ChessBase"]
[SourceQuality "1"]
[TimeControl "5400+30"]

1. d4 Nf6 2. c4 g6 3. Nc3 Bg7 4. e4 d6 5. Be2 O-O 6. Be3 c6 7. Nf3 Na6 8. O-O e5 9. d5 Ng4 10. Bg5 f6 11. Bh4 c5 12. Ne1 Nh6 13. Nd3 Bd7 14. a3 b6 15. Rb1 Qe7 16. f3 Nf7 17. b4 Bh6 18. Bf2 f5 19. Kh1 Bg5 20. bxc5 bxc5 21. exf5 gxf5 22. f4 exf4 23. Be1 Ne5 24. Nxf4 Ng4 25. Rf3 Rab8 26. Rxb8 Rxb8 27. Bd2 Bh4 28. Nd3 Bf6 29. Nb5 Bxb5 30. cxb5 Rxb5 31. h3 c4 32. hxg4 cxd3 33. Bxd3 Rxd5 34. Bc4 Nc7 35. Qb3 Qe5 36. Qb8+ Kg7 37. Qxc7+ Kg6 38. gxf5+ 1-0

[Event "Portugal Open 2019"]
[Site "Lisbon"]
[Date "2019.02.08"]
[Round "8.17"]
[White "Rajesh, V A V"]
[Black "Sorensen, Hampus"]
[Result "1-0"]
[ECO "D28"]
[WhiteElo "2406"]
[BlackElo "2289"]
[Annotator "RC"]
[PlyCount "73"]
[EventDate "2019.01.25"]
[EventType "swiss"]
[EventCountry "POR"]
[SourceTitle "playchess.com"]
[Source "ChessBase"]
[SourceQuality "1"]
[TimeControl "5400+30"]

1. d4 d5 2. c4 c6 3. Nf3 Nf6 4. e3 e6 5. Bd3 dxc4 6. Bxc4 c5 7. O-O a6 8. Qe2 cxd4 9. exd4 Be7 10. a4 Nc6 11. Rd1 O-O 12. Nc3 Nb4 13. Bg5 Nbd5 14. Ne5 Re8 15. Qf3 Rf8 16. Bh4 Nxc3 17. bxc3 Nd7 18. Nxd7 Qxd7 19. Bg3 Bd6 20. Bd3 Bxg3 21. hxg3 g6 22. g4 h6 23. Be4 Kg7 24. Rdb1 Qc7 25. a5 Rb8 26. Rb6 Rd8 27. Rab1 Rd7 28. R1b4 Re7 29. c4 f5 30. Bd3 Bd7 31. Rxb7 Rxb7 32. Rxb7 Qxa5 33. Qe3 Kf7 34. c5 Qa3 35. gxf5 exf5 36. Bc4+ Kf6 37. Qxa3 1-0

[Event "Portugal Open 2019"]
[Site "Lisbon"]
[Date "2019.02.08"]
[Round "8.27"]
[White "Plichta, Kamil"]
[Black "Gallardo Fernandez, Cesar"]
[Result "1-0"]
[ECO "A45"]
[WhiteElo "2347"]
[BlackElo "2194"]
[Annotator "RC"]
[PlyCount "61"]
[EventDate "2019.01.25"]
[EventType "swiss"]
[EventCountry "POR"]
[SourceTitle "playchess.com"]
[Source "ChessBase"]
[SourceQuality "1"]
[TimeControl "5400+30"]

1. d4 Nf6 2. Bg5 Ne4 3. h4 h6 4. Bf4 c5 5. d5 Qb6 6. Nd2 Nxd2 7. Bxd2 e5 8. dxe6 dxe6 9. Bc3 Nc6 10. e3 Bd7 11. a3 Ne7 12. e4 Bc6 13. Qe2 O-O-O 14. Nf3 Ng6 15. h5 Nf4 16. Qe3 Nd5 17. exd5 exd5 18. O-O-O d4 19. Nxd4 cxd4 20. Bxd4 Bc5 21. Bxc5 Rxd1+ 22. Kxd1 Qxb2 23. Bd3 Rd8 24. Re1 Bb5 25. Qh3+ Kb8 26. Re3 Qb1+ 27. Kd2 Ba4 28. Qg3+ Ka8 29. Bd6 Rc8 30. Bc7 Qb2 31. Qg4 1-0

[Event "Portugal Open 2019"]
[Site "Lisbon"]
[Date "2019.02.08"]
[Round "8.33"]
[White "Campora, Daniel H."]
[Black "Eggert, Alberto"]
[Result "1-0"]
[ECO "B50"]
[WhiteElo "2419"]
[BlackElo "2132"]
[Annotator "RC"]
[PlyCount "85"]
[EventDate "2019.01.25"]
[EventType "swiss"]
[EventCountry "POR"]
[SourceTitle "playchess.com"]
[Source "ChessBase"]
[SourceQuality "1"]
[TimeControl "5400+30"]

1. e4 c5 2. Nf3 d6 3. c3 Nf6 4. Bd3 Bg4 5. O-O Nc6 6. h3 Bh5 7. Re1 e6 8. Bf1 h6 9. d3 g5 10. Nbd2 g4 11. hxg4 Nxg4 12. d4 Qf6 13. e5 dxe5 14. Ne4 Qd8 15. Qb3 Qb6 16. dxe5 O-O-O 17. Bf4 Qxb3 18. axb3 a6 19. Ned2 Be7 20. Nc4 Bg6 21. Bg3 Kc7 22. Bh4 Bxh4 23. Nxh4 Rd5 24. f4 Bc2 25. Nd6 Bxb3 26. Be2 f5 27. Ra3 c4 28. Nxc4 Bc2 29. Bf3 Be4 30. Bxg4 fxg4 31. Rxe4 Rd1+ 32. Kf2 Rf8 33. g3 b5 34. Nd6 Nxe5 35. Nxb5+ axb5 36. Rxe5 Rfd8 37. Ra7+ Kb6 38. Re7 R8d2+ 39. Re2 Rxe2+ 40. Kxe2 Rd6 41. b4 Kc6 42. Ng6 Kd5 43. Kd3 1-0

[Event "Portugal Open 2019"]
[Site "Lisbon"]
[Date "2019.02.09"]
[Round "9.3"]
[White "Petrov, Nikita"]
[Black "Bernadskiy, Vitaliy"]
[Result "1/2-1/2"]
[ECO "B10"]
[WhiteElo "2585"]
[BlackElo "2570"]
[Annotator "ChessBase"]
[PlyCount "41"]
[EventDate "2019.01.25"]
[EventType "swiss"]
[EventCountry "POR"]
[SourceTitle "playchess.com"]
[Source "ChessBase"]
[SourceQuality "1"]
[TimeControl "5400+30"]

1. e4 c6 2. Nc3 d5 3. Nf3 dxe4 4. Nxe4 Nf6 5. Qe2 Nxe4 6. Qxe4 Qd5 7. Qh4 Qe6+ 8. Be2 Qg4 9. Qg3 Qxg3 10. hxg3 g6 11. d4 Nd7 12. g4 Bg7 13. Bh6 O-O 14. O-O-O Rd8 15. c3 Nf8 16. Ng5 Be6 17. Nxe6 Bxh6+ 18. Rxh6 Nxe6 19. Bc4 Kg7 20. Rh3 Nf4 21. Rh2 1/2-1/2

[Event "Portugal Open 2019"]
[Site "Lisbon"]
[Date "2019.02.09"]
[Round "9.4"]
[White "Hansen, Eric"]
[Black "Miezis, Normunds"]
[Result "1/2-1/2"]
[ECO "B42"]
[WhiteElo "2615"]
[BlackElo "2467"]
[Annotator "ChessBase"]
[PlyCount "123"]
[EventDate "2019.01.25"]
[EventType "swiss"]
[EventCountry "POR"]
[SourceTitle "playchess.com"]
[Source "ChessBase"]
[SourceQuality "1"]
[TimeControl "5400+30"]

1. e4 c5 2. Nf3 e6 3. d4 cxd4 4. Nxd4 a6 5. Bd3 Ne7 6. O-O Nbc6 7. Nb3 g6 8. Nc3 Bg7 9. Bf4 Ne5 10. Qd2 O-O 11. Bh6 Bxh6 12. Qxh6 f5 13. exf5 gxf5 14. Rae1 N7g6 15. Qd2 b5 16. f4 Nc4 17. Bxc4 bxc4 18. Nc5 Rb8 19. b3 Qa5 20. Qe3 Rf7 21. Rd1 cxb3 22. axb3 Rb4 23. Nd3 Rb8 24. Nb2 Bb7 25. Nc4 Qc7 26. Nd6 Rg7 27. Nxb7 Qxb7 28. Rf2 Nh4 29. g3 Ng6 30. Na4 Qc6 31. Qc5 Rc8 32. Qd4 h5 33. Rd3 Qe4 34. Qxe4 fxe4 35. Rd6 e3 36. Rg2 h4 37. Kf1 Rf8 38. Rd1 h3 39. Rg1 e5 40. Ke2 exf4 41. gxf4 Nxf4+ 42. Kxe3 Ng2+ 43. Kd4 Rf2 44. Rd3 Rxc2 45. Rxh3 Kf8 46. Nc3 Rd2+ 47. Kc5 Rg5+ 48. Kb6 Rg6+ 49. Kc7 d5 50. Kd7 Rf2 51. Rh7 Rff6 52. Ne2 Rc6 53. Rf1+ Kg8 54. Rh3 Rcd6+ 55. Kc7 Rc6+ 56. Kd7 Rcd6+ 57. Kc7 d4 58. Rg3 d3 59. Nf4 Nxf4 60. Rxf4 Rc6+ 61. Kd7 Rxg3 62. Kxc6 1/2-1/2

[Event "Portugal Open 2019"]
[Site "Lisbon"]
[Date "2019.02.09"]
[Round "9.6"]
[White "David, Alberto"]
[Black "Thorhallsson, Throstur"]
[Result "1/2-1/2"]
[ECO "B52"]
[WhiteElo "2560"]
[BlackElo "2425"]
[Annotator "ChessBase"]
[PlyCount "59"]
[EventDate "2019.01.25"]
[EventType "swiss"]
[EventCountry "POR"]
[SourceTitle "playchess.com"]
[Source "ChessBase"]
[SourceQuality "1"]
[TimeControl "5400+30"]

1. e4 c5 2. Nf3 d6 3. Bb5+ Bd7 4. c4 Nc6 5. Nc3 g6 6. d4 cxd4 7. Nxd4 Bg7 8. Be3 Nf6 9. h3 O-O 10. O-O a6 11. Bxc6 bxc6 12. c5 Qb8 13. Qd2 Rd8 14. cxd6 exd6 15. Rfe1 c5 16. Nf3 Bc6 17. Bh6 Re8 18. Bxg7 Kxg7 19. Qc2 Ra7 20. Re3 Rae7 21. Rae1 Qb7 22. Nd2 d5 23. exd5 Rxe3 24. Rxe3 Rxe3 25. fxe3 Bxd5 26. Nxd5 Qxd5 27. b3 Kg8 28. Qc3 Ne4 29. Nxe4 Qxe4 30. Qxc5 1/2-1/2

[Event "Portugal Open 2019"]
[Site "Lisbon"]
[Date "2019.02.09"]
[Round "9.7"]
[White "Yankelevich, Lev"]
[Black "Christiansen, Johan-Sebastian"]
[Result "1/2-1/2"]
[ECO "E32"]
[WhiteElo "2445"]
[BlackElo "2559"]
[Annotator "ChessBase"]
[PlyCount "83"]
[EventDate "2019.01.25"]
[EventType "swiss"]
[EventCountry "POR"]
[SourceTitle "playchess.com"]
[Source "ChessBase"]
[SourceQuality "1"]
[TimeControl "5400+30"]

1. d4 Nf6 2. c4 e6 3. Nc3 Bb4 4. Qc2 O-O 5. a3 Bxc3+ 6. Qxc3 d5 7. Nf3 dxc4 8. Qxc4 b6 9. Rg1 Ba6 10. Qa4 Qd7 11. Qxd7 Nbxd7 12. g4 c5 13. g5 Ne8 14. Bf4 Rc8 15. Rd1 Nc7 16. dxc5 Nxc5 17. Bd6 Rfe8 18. Bxc5 bxc5 19. Rc1 Nd5 20. e3 Bxf1 21. Kxf1 Rb8 22. Rc2 Rb3 23. Nd2 Rxe3 24. Rg3 Rxg3 25. hxg3 Rb8 26. Rxc5 h6 27. b4 hxg5 28. Nf3 g4 29. Ne5 Rb7 30. Rc8+ Kh7 31. Rc6 f6 32. Nxg4 a5 33. bxa5 Rb1+ 34. Kg2 Ra1 35. Rxe6 Rxa3 36. Ra6 Ra4 37. Kf3 Nb4 38. Ra7 Nc6 39. Rc7 Nd4+ 40. Kg2 Kg6 41. Rd7 Nf5 42. Nh2 1/2-1/2

[Event "Portugal Open 2019"]
[Site "Lisbon"]
[Date "2019.02.09"]
[Round "9.8"]
[White "Annaberdiev, Meilis"]
[Black "Pantzar, Milton"]
[Result "1-0"]
[ECO "C84"]
[WhiteElo "2522"]
[BlackElo "2331"]
[Annotator "ChessBase"]
[PlyCount "149"]
[EventDate "2019.01.25"]
[EventType "swiss"]
[EventCountry "POR"]
[SourceTitle "playchess.com"]
[Source "ChessBase"]
[SourceQuality "1"]
[TimeControl "5400+30"]

1. e4 e5 2. Nf3 Nc6 3. Bb5 a6 4. Ba4 Nf6 5. O-O Be7 6. d3 d6 7. c3 O-O 8. Nbd2 b5 9. Bc2 d5 10. Re1 d4 11. Nb3 Bg4 12. h3 Bh5 13. cxd4 Bxf3 14. Qxf3 exd4 15. e5 Nd5 16. a3 a5 17. Qg4 Qc8 18. Qe4 Rd8 19. Nd2 a4 20. Nf3 Qe6 21. Bd2 h6 22. h4 Bc5 23. Rac1 Bb6 24. Bb1 Nde7 25. h5 Na5 26. Bb4 Rac8 27. Bxe7 Qxe7 28. Ba2 c5 29. e6 c4 30. exf7+ Qxf7 31. Ne5 Qe6 32. dxc4 bxc4 33. Rxc4 Nxc4 34. Nxc4 Qxe4 35. Rxe4 Kh8 36. Nxb6 Rc1+ 37. Kh2 d3 38. Nxa4 d2 39. Bb3 Rb8 40. Bd1 Rxd1 41. Rd4 Rc1 42. Rxd2 Rc4 43. b4 Rh4+ 44. Kg3 Rxh5 45. Nc5 Rg5+ 46. Kh2 Rg4 47. Rd7 Ra8 48. f3 Rc4 49. Rd3 Kg8 50. Kh3 Ra7 51. Rb3 Ra8 52. Rd3 Ra7 53. Kg3 Kf7 54. Rb3 Ke7 55. a4 Kd6 56. Ne4+ Ke5 57. a5 Rc2 58. Rb1 Ra6 59. Kh3 Kf4 60. Rb3 g5 61. Nc5 Ra8 62. a6 h5 63. Nd3+ Kf5 64. b5 g4+ 65. fxg4+ hxg4+ 66. Kg3 Rcc8 67. Nb4 Rcb8 68. Nc6 Rb6 69. Re3 Kf6 70. Nd4 Rd8 71. Re4 Rbd6 72. Rf4+ Kg6 73. Nc6 Rd3+ 74. Kxg4 Re8 75. a7 1-0

[Event "Portugal Open 2019"]
[Site "Lisbon"]
[Date "2019.02.09"]
[Round "9.9"]
[White "Alshameary Puente, Ismael"]
[Black "Jakubowski, Krzysztof"]
[Result "0-1"]
[ECO "E46"]
[WhiteElo "2418"]
[BlackElo "2514"]
[Annotator "RC"]
[PlyCount "82"]
[EventDate "2019.01.25"]
[EventType "swiss"]
[EventCountry "POR"]
[SourceTitle "playchess.com"]
[Source "ChessBase"]
[SourceQuality "1"]
[TimeControl "5400+30"]

1. d4 Nf6 2. c4 e6 3. Nc3 Bb4 4. e3 O-O 5. Nge2 c6 6. a3 Ba5 7. Bd2 d5 8. Ng3 Nbd7 9. cxd5 exd5 10. Bd3 Bc7 11. Qc2 Re8 12. Nce2 a5 13. O-O g6 14. f3 Bb6 15. b4 Qe7 16. Rfc1 axb4 17. axb4 Rxa1 18. Rxa1 Bc7 19. Nf1 Bd6 20. Qc3 Nb6 21. b5 cxb5 22. Bxb5 Bd7 23. Rb1 Rc8 24. Qa5 Bxb5 25. Qxb5 Nc4 26. Bb4 b6 27. Qa6 Rc7 28. Bxd6 Qxd6 29. Rb3 Kg7 30. Nc3 Qc6 31. Na4 Qe6 32. Nb2 Rc6 33. Qb5 Na5 34. Rb4 Ne8 35. Nd3 Nd6 36. Qa4 Nf5 37. Ne5 Rc1 38. Qa3 Qc8 39. Rxb6 Rd1 40. g4 Nc4 41. Qa4 Nfxe3 0-1

[Event "Portugal Open 2019"]
[Site "Lisbon"]
[Date "2019.02.09"]
[Round "9.10"]
[White "Rajesh, V A V"]
[Black "Spraggett, Kevin"]
[Result "1/2-1/2"]
[ECO "A93"]
[WhiteElo "2406"]
[BlackElo "2513"]
[Annotator "ChessBase"]
[PlyCount "75"]
[EventDate "2019.01.25"]
[EventType "swiss"]
[EventCountry "POR"]
[SourceTitle "playchess.com"]
[Source "ChessBase"]
[SourceQuality "1"]
[TimeControl "5400+30"]

1. d4 e6 2. c4 f5 3. Nf3 Nf6 4. g3 d5 5. Bg2 Be7 6. O-O O-O 7. b3 Ne4 8. cxd5 exd5 9. Ne5 c6 10. f3 Nd6 11. e3 Nd7 12. Nd3 Nf6 13. Nc3 Re8 14. Bb2 Bf8 15. Qd2 g6 16. Rac1 Bh6 17. Ne5 Nf7 18. Ne2 Nd6 19. Nf4 a5 20. a4 Qb6 21. Ba3 Bf8 22. Rb1 Be6 23. Bc5 Qc7 24. Rfc1 Nd7 25. Nxd7 Bxd7 26. Bf1 Qd8 27. Nd3 b6 28. Bxd6 Bxd6 29. f4 Qe7 30. Ne5 Rec8 31. Rc2 Be8 32. Bg2 Kg7 33. Qd3 Rc7 34. Rbc1 Ba3 35. Ra1 Bd6 36. Rac1 Ba3 37. Ra1 Bd6 38. Rac1 1/2-1/2

[Event "Portugal Open 2019"]
[Site "Lisbon"]
[Date "2019.02.09"]
[Round "9.11"]
[White "Haug, Johannes"]
[Black "Galego, Luis"]
[Result "1/2-1/2"]
[ECO "E16"]
[WhiteElo "2403"]
[BlackElo "2508"]
[Annotator "ChessBase"]
[PlyCount "69"]
[EventDate "2019.01.25"]
[EventType "swiss"]
[EventCountry "POR"]
[SourceTitle "playchess.com"]
[Source "ChessBase"]
[SourceQuality "1"]
[TimeControl "5400+30"]

1. d4 Nf6 2. c4 e6 3. Nf3 Bb4+ 4. Bd2 Qe7 5. g3 O-O 6. Bg2 Bxd2+ 7. Qxd2 d6 8. Nc3 e5 9. O-O Re8 10. e4 Bg4 11. Ne1 Nc6 12. Nc2 exd4 13. Nxd4 Nxd4 14. Qxd4 Qe5 15. Qd2 Qh5 16. f3 Be6 17. b3 Qa5 18. Rad1 a6 19. Nd5 Qc5+ 20. Qf2 Qxf2+ 21. Rxf2 Rac8 22. Nxf6+ gxf6 23. g4 b5 24. Bf1 bxc4 25. Bxc4 Bxc4 26. bxc4 Re5 27. Rc2 Rb8 28. Kf2 Kf8 29. Rd5 Ke7 30. Ke3 c6 31. Rd3 Rb4 32. Rcd2 Re6 33. Rc2 Re5 34. Rcd2 Re6 35. Rc2 1/2-1/2

[Event "Portugal Open 2019"]
[Site "Lisbon"]
[Date "2019.02.09"]
[Round "9.12"]
[White "Dvirnyy, Danyyil"]
[Black "Sousa, Ludy Helsio Paulo"]
[Result "1-0"]
[ECO "E67"]
[WhiteElo "2487"]
[BlackElo "2169"]
[Annotator "ChessBase"]
[PlyCount "91"]
[EventDate "2019.01.25"]
[EventType "swiss"]
[EventCountry "POR"]
[SourceTitle "playchess.com"]
[Source "ChessBase"]
[SourceQuality "1"]
[TimeControl "5400+30"]

1. d4 Nf6 2. c4 g6 3. Nc3 Bg7 4. Nf3 d6 5. g3 O-O 6. Bg2 Nbd7 7. O-O e5 8. b3 Re8 9. e4 exd4 10. Nxd4 Nc5 11. f3 a5 12. Be3 b6 13. Qc2 Bb7 14. Rad1 Nfd7 15. Bf2 Ne5 16. a3 Qd7 17. Nd5 a4 18. b4 Nb3 19. h3 Nxd4 20. Bxd4 b5 21. cxb5 Bxd5 22. exd5 Qxb5 23. Qc3 Qc4 24. Qa1 Bh6 25. f4 Nd3 26. Qc3 Qxc3 27. Bxc3 Re3 28. Rf3 Nxf4 29. gxf4 Rxf3 30. Bxf3 Bxf4 31. Re1 Kf8 32. Kf2 Bg5 33. Kg3 f5 34. h4 Be7 35. Bd4 Kf7 36. Rc1 Bd8 37. Be2 h6 38. Bd3 Rc8 39. Bb5 Bf6 40. Bd7 Rf8 41. Be6+ Ke8 42. Bxf6 Rxf6 43. Rxc7 g5 44. hxg5 hxg5 45. b5 g4 46. b6 1-0